AoeStats
← Jontelang

Arabia

510310130Analyzed
1v1 RM · 12h ago on Sep 30, 2026· 41m 48s· 2 players
Game mode
Random Map
Map size
Tiny (2 player)
Population
200
Speed
Normal
Resources
Standard
Victory
Conquest
Starting age
Dark Age
Ending age
Imperial Age
RankedLock teamsTeams togetherTeam positionsShared explorationLock speedFull tech treeHidden civsTurbo modeCheats
Victory
Defeat
🇹🇭 Wei · Thailand
980
+16
🇹🇼 Japanese · Taiwan
973
-16
Taiwan_倫仔
3:02 Loom
10:34 Feudal Age
11:44 Double-Bit Axe
11:54 Gold Mining
18:28 Castle Age
16:29 Man-at-Arms
17:34 Arson
18:41 Long Swordsman
19:17 Gambesons
21:07 Forging
21:40 Scale Mail Armor
22:20 Pikeman
23:25 Stone Mining
30:32 Bow Saw
32:14 Iron Casting
37:57 Squires
Jontelang
6:06 Loom
9:37 Feudal Age
10:57 Double-Bit Axe
12:24 Gold Mining
15:13 Horse Collar
18:57 Castle Age
18:46 Scale Barding Armor
18:53 Bloodlines
20:01 Wheelbarrow
19:24 Stone Mining
19:41 Husbandry
23:15 Gold Shaft Mining
23:47 Forging
37:25 Chain Barding Armor
Connection lost

Rejoining the realm…

Still unreachable

The connection could not be restored.

Session expired

The server has moved on; the page needs a fresh start.